 Dungeon Crawl Stone Soup version 0.23.0-3-gf3c87f2 (console) character file.

Game seed: 13585431125840458439

9314 erker the Fighter (level 11, -4/92 HPs)
             Began as a Formicid Monk on Feb 22, 2019.
             Was a High Priest of Cheibriados.
             Slain by an orc warrior
             ... wielding a +0 war axe
              (20 damage)
             ... in a bailey.
             The game lasted 00:59:12 (10981 turns).

erker the Fighter (Formicid Monk)                  Turns: 10981, Time: 00:59:13

Health: -4/92      AC: 14    Str: 25      XL:     11   Next: 72%
Magic:  14/16      EV: 13    Int: 23 (24) God:    Cheibriados [*****.]
Gold:   510        SH:  0    Dex: 26      Spells: 10/10 levels left

rFire    . . .     SeeInvis +   m - +3 whip (vamp)
rCold    . . .     Gourm    .   O - +0 buckler
rNeg     . . .     Faith    .   h - +0 chain mail
rPois    +         Spirit   .   (helmet unavailable)
rElec    .         Reflect  +   (no cloak)
rCorr    .         Harm     .   (no gloves)
MR       +....                  y - +2 pair of boots
Stlth    ..........             t - +3 amulet of reflection
HPRegen  0.25/turn              Q - ring of poison resistance
MPRegen  0.15/turn              A - -6 ring of strength (curse)

@: confused, very slow
A: permanent stasis, dig shafts and tunnels, four strong arms, antennae 3
a: Dig, Shaft Self, Bend Time, Temporal Distortion, Slouch, Step From Time,
Renounce Religion


You were in a bailey.
You worshipped Cheibriados.
Cheibriados was extremely pleased with you.
You were very full.

You visited 2 branches of the dungeon, and saw 11 of its levels.
You also visited: Ossuary and Bailey.

You collected 510 gold pieces.

Inventory:

Hand Weapons
 m - a +3 vampiric whip (weapon)
 F - the +4 quarterstaff of Taixkuha {crush, +Rage MP+9 Dex+6}
   (You found it on level 5 of the Dungeon)

   It inflicts extra damage upon your enemies.
   It affects your dexterity (+6).
   It affects your magic capacity (+9).
   It lets you go berserk.
 G - a +0 war axe of electrocution
 L - a +1 hand crossbow of flaming
 N - a +4 hand axe
Missiles
 a - 2 tomahawks of returning
 d - 107 sling bullets
 n - 61 bolts
 x - 6 javelins (quivered)
Armour
 b - a +0 robe
 h - a +0 chain mail (worn)
 y - a +2 pair of boots (worn)
 O - a +0 buckler (worn)
Magical Staves
 P - an uncursed staff of energy
Jewellery
 t - a +3 amulet of reflection (around neck)
 u - an uncursed amulet of the gourmand
 A - a cursed -6 ring of strength (right hand)
 C - an uncursed ring of positive energy
 E - an uncursed amulet of the acrobat {unknown}
 J - an uncursed ring of stealth
 Q - a ring of poison resistance (left hand)
Wands
 K - a wand of acid (2)
Scrolls
 f - a scroll of vulnerability {unknown}
 i - 4 scrolls of remove curse
 k - 3 scrolls of teleportation
 l - a scroll of magic mapping
 p - 3 scrolls of enchant weapon
 v - a scroll of blinking {unknown}
 w - 2 scrolls of fog {unknown}
 D - 2 scrolls of amnesia
 I - a scroll of identify
 M - 2 scrolls of immolation {unknown}
Potions
 e - 8 potions of curing
 g - a potion of heal wounds
 j - 4 potions of flight
 o - 3 potions of brilliance
 q - a potion of lignification
 s - 4 potions of mutation
 z - a potion of ambrosia
 B - a potion of might
 H - a potion of resistance
Comestibles
 c - 17 rations


   Skills:
 + Level 10.7 Fighting
 * Level 8.5 Axes
 + Level 9.6 Armour
 + Level 5.4 Dodging
 - Level 2.4 Stealth
 + Level 5.2 Shields
 * Level 7.1 Invocations


You had 10 spell levels left.
You didn't know any spells.
Your spell library was empty.

Dungeon Overview and Level Annotations

Branches:
Dungeon (10/15)            Temple (1/1) D:5            Lair (0/6) D:8
    Orc (0/2) D:10

Altars:
Ashenzari
Cheibriados
Elyvilon
Fedhas
Gozag
Hepliaklqana
Kikubaaqudgha
Makhleb
Ru
Sif Muna
Uskayaw
Vehumet
Xom
Zin

Annotations:
D:2 Ijyb, Terence
D:4 2 transporters, ohad's ghost, amateur OpTm
D:10 exclusion: orange crystal statue


Innate Abilities, Weirdness & Mutations

You cannot be hasted, slowed, berserked, paralysed or teleported.
You can dig through walls and to a lower floor.
Your four strong arms can wield two-handed weapons with a shield.
You have a pair of large antennae on your head. (SInv)


Message History

The orc knight is severely wounded.
The orc knight closely misses you.
The orc warrior hits you with a +0 war axe!
* * * LOW HITPOINT WARNING * * *
You hit the orc knight.
You feel better.
The orc knight is severely wounded.
The orc knight hits you with a +0 war axe!
* * * LOW HITPOINT WARNING * * *
You block the orc warrior's attack.
You can feel time thicken for a moment.
You kill the kobold!
Cheibriados thoroughly appreciates the change of pace.
You kill the orc knight!
Cheibriados thoroughly appreciates the change of pace.
You feel somewhat less full.
Cheibriados lowers the support of your attributes as your movement quickens.
You are confused.
You feel invigorated.
The orc warrior hits you with a +0 war axe!!
You die...

..(#### ......# ##'#
....... #..# .(.⌠.... {
{#..# #(((.... ###..'
#.....## .{{
^.gg###).....#≈ #.
####'####Kg#(@o(.≈≈≈≈≈ ##
#..o.o..####†≈≈≈≈≈≈≈≈≈
≈≈K#.KKo...#∩≈≈≈≈≈≈≈....#
≈≈≈#########≈≈≈≈≈......#
#≈≈≈≈≈≈≈≈≈≈≈≈≈≈.......##
#≈≈≈≈≈≈≈≈≈..(.....###
#.........(...####
##..∩......####
##.......###


You could see an orc warrior.

Vanquished Creatures
  Gastronok (D:8)
  A two-headed ogre (D:10)
  An orc knight (Bailey)
  Pikel (D:5)
  A hornet (D:8)
  A hippogriff (D:8)
  2 hungry ghosts
  3 wargs (D:8)
  3 soldier ants (D:8)
  A sky beast (D:8)
  A hornet zombie (D:9)
  An orc warrior (D:9)
  5 ice beasts
  2 slaves (D:5)
  3 phantoms
  A black bear (D:8)
  A necrophage (D:7)
  7 ogres
  5 centaurs
  Blork the orc (D:4)
  3 bullfrogs
  3 big kobolds (D:7)
  A gnoll sergeant (D:8)
  5 killer bees (D:8)
  9 scorpions
  4 crimson imps
  3 centaur zombies
  5 orc priests
  4 hounds
  A gnoll shaman (D:3)
  A centaur skeleton (D:8)
  3 bullfrog skeletons
  Jessica (D:2)
  3 iguanas
  9 orc wizards
  6 worker ants
  3 big kobold zombies (Ossuary)
  A hound zombie (D:5)
  2 hound skeletons
  3 mummies (Ossuary)
  A worker ant zombie (D:9)
  13 gnolls
  15 adders
  5 scorpion zombies (Ossuary)
  3 shadow imps
  3 oozes
  3 worms
  4 dart slugs
  4 leopard geckos
  32 orcs
  8 giant cockroaches
  10 goblins
  4 hobgoblins (D:2)
  12 jackals
  2 ball pythons (D:3)
  7 bats
  5 frilled lizards
  A gnoll zombie (Ossuary)
  2 goblin zombies (Ossuary)
  A hobgoblin zombie (Ossuary)
  31 kobolds
  4 kobold zombies (Ossuary)
  An orc zombie (Ossuary)
  A quokka zombie (D:7)
  6 rats
290 creatures vanquished.

Vanquished Creatures (others)
  A slave (D:5)
  A worker ant (D:5)
  3 kobolds (Bailey)
5 creatures vanquished.

Grand Total: 295 creatures vanquished

Notes
Turn   | Place    | Note
-------+----------+-------------------------------------------
     0 | D:1      | erker the Formicid Monk began the quest for the Orb.
     0 | D:1      | Reached XP level 1. HP: 18/18 MP: 1/1
    60 | D:1      | Reached XP level 2. HP: 12/24 MP: 2/2
   426 | D:1      | Reached XP level 3. HP: 13/29 MP: 3/3
  1085 | D:2      | Reached XP level 4. HP: 33/37 MP: 4/4
  1158 | D:2      | Noticed Terence
  1358 | D:2      | Reached skill level 1 in Armour
  1468 | D:2      | Noticed Jessica
  1489 | D:2      | Killed Jessica
  1489 | D:2      | Reached XP level 5. HP: 42/42 MP: 5/5
  1629 | D:2      | Found a faded altar of an unknown god.
  1713 | D:2      | Reached skill level 4 in Fighting
  1772 | D:3      | Noticed Ijyb
  2034 | D:3      | Found a radiant altar of Vehumet.
  2967 | D:4      | Reached XP level 6. HP: 37/48 MP: 6/6
  3179 | D:4      | Noticed a phantom
  3744 | D:3      | Reached XP level 7. HP: 53/55 MP: 7/7
  3844 | D:4      | Reached skill level 5 in Axes
  3986 | D:4      | Noticed Blork the orc
  3996 | D:4      | Killed Blork the orc
  3996 | D:4      | Reached skill level 5 in Armour
  4020 | D:4      | Noticed ohad's ghost (amateur OpTm)
  4021 | D:4      | Found a transporter.
  4045 | D:4      | Found a transporter.
  4126 | D:4      | Found a blossoming altar of Fedhas.
  4246 | D:5      | Entered Level 5 of the Dungeon
  4274 | D:5      | Found a staircase to the Ecumenical Temple.
  4283 | Temple   | Entered the Ecumenical Temple
  4316 | Temple   | Became a worshipper of Cheibriados the Contemplative
  4316 | Temple   | Reached * piety under Cheibriados
  4316 | Temple   | Reached ** piety under Cheibriados
  4364 | D:5      | Found an opulent altar of Gozag.
  4370 | D:5      | Noticed Pikel
  4443 | D:5      | Found a sand-covered staircase.
  4448 | Ossuary  | Entered an ossuary
  4682 | Ossuary  | Reached skill level 5 in Fighting
  4682 | Ossuary  | Reached XP level 8. HP: 54/62 MP: 8/8
  5806 | D:5      | Reached *** piety under Cheibriados
  5938 | D:5      | Killed Pikel
  5938 | D:5      | Reached skill level 6 in Fighting
  5938 | D:5      | Reached skill level 1 in Invocations
  5938 | D:5      | Reached XP level 9. HP: 63/70 MP: 6/10
  6034 | D:5      | Got an ebony quarterstaff
  6035 | D:5      | Identified the +4 quarterstaff of Taixkuha {crush, +Rage
                  | MP+9 Dex+6} (You found it on level 5 of the Dungeon)
  7655 | D:7      | Reached skill level 7 in Fighting
  7692 | D:7      | Reached **** piety under Cheibriados
  7930 | D:7      | Reached XP level 10. HP: 76/79 MP: 12/12
  8155 | D:7      | Reached skill level 8 in Fighting
  8424 | D:8      | Reached ***** piety under Cheibriados
  8515 | D:8      | Reached skill level 5 in Invocations
  8561 | D:8      | Reached skill level 9 in Fighting
  9161 | D:8      | Reached skill level 1 in Shields
  9249 | D:8      | Reached skill level 5 in Dodging
  9295 | D:8      | Noticed Gastronok
  9337 | D:8      | Killed Gastronok
  9337 | D:8      | Reached skill level 10 in Fighting
  9337 | D:8      | Reached XP level 11. HP: 36/92 MP: 15/15
  9665 | D:8      | Found a staircase to the Lair.
 10202 | D:9      | Reached ****** piety under Cheibriados
 10579 | D:10     | Entered Level 10 of the Dungeon
 10579 | D:10     | Noticed a two-headed ogre
 10588 | D:10     | Killed a two-headed ogre
 10666 | D:10     | Noticed an orange crystal statue
 10717 | D:10     | Found a flagged portal.
 10733 | D:10     | Reached skill level 5 in Shields
 10770 | Bailey   | Entered a bailey
 10803 | Bailey   | Identified the amulet of Jievu {Gourm Int+2}
 10819 | Bailey   | Noticed an orc knight
 10831 | Bailey   | Noticed an orc knight
 10980 | Bailey   | Killed an orc knight
 10981 | Bailey   | Slain by an orc warrior

Skill      XL: |  1  2  3  4  5  6  7  8  9 10 11 |
---------------+----------------------------------+-----
Dodging        | 3 4 5 |  5.4
Axes           | 4 5 6 8 |  8.5
Armour         | 1 2 4 5 8 9 |  9.6
Fighting       | 4 5 6 7 10 | 10.7
Invocations    | 1 3 6 7 |  7.1
Shields        | 3 5 |  5.2
Stealth        | |  2.4

Action                   |  1- 3 |  4- 6 |  7- 9 | 10-12 || total
-------------------------+-------+-------+-------+-------++-------
Melee: Hand axe          |    80 |    45 |       |       ||   125
       Whip              |       |   522 |   649 |   728 ||  1899
       Unarmed           |       |     5 |       |       ||     5
Throw: Javelin           |       |       |    10 |    32 ||    42
       Tomahawk          |       |       |       |    16 ||    16
Invok: Bend Time         |       |       |     1 |     2 ||     3
       Slouch            |       |       |       |     2 ||     2
       Temporal Distorti |       |       |       |     1 ||     1
 Abil: Dig               |       |     2 |     4 |     7 ||    13
Evoke: Wand              |       |       |       |     4 ||     4
  Use: Scroll            |       |       |     6 |    10 ||    16
       Potion            |       |       |       |     4 ||     4
 Stab: Sleeping          |     1 |       |       |       ||     1
  Eat: Chunk             |     1 |     9 |    22 |    28 ||    60
       Ration            |       |     3 |       |       ||     3
Armor: Robe              |     9 |       |       |       ||     9
       Chain mail        |    13 |   294 |   292 |   303 ||   902
Dodge: Dodged            |    44 |   196 |   274 |   430 ||   944
Block: Other             |       |     6 |       |       ||     6
       Buckler           |       |       |       |   204 ||   204
       Reflection        |       |       |       |    28 ||    28
